 Dungeon Crawl Stone Soup version 0.30-a0-1053-gbd8d5ba0ad (webtiles) character file.

Game seed: 4038849856698772539

9 domi the Digger (level 2, -1/20 HPs)
             Began as a Meteoran Earth Elementalist on Apr 11, 2023.
             Slain by a sleepcap (3 damage)
             ... on level 3 of the Dungeon.
             The game lasted 00:01:13 (209 turns).

domi the Digger (Meteoran Earth Elementalist)        Turns: 209, Time: 00:01:13

Health: -1/20      AC:  2    Str:  9    XL:     2   Next: 35%
Magic:  0/6        EV: 12    Int: 16    God:
Gold:   58         SH:  0    Dex: 14    Spells: 5/6 levels left

rFire   . . .      SeeInvis .    (no weapon)
rCold   . . .      Faith    .    (no shield)
rNeg    . . .      Spirit   .    a - +0 robe
rPois   .          Reflect  .    (no helmet)
rElec   .          Rampage  .    (no cloak)
rCorr   .                        (no gloves)
Will    .....                    (no boots)
Stlth   +                        (no amulet)
HPRegen 0.23/turn                (no ring)
MPRegen 0.10/turn                (no ring)

@: glowing
A: sense surroundings 1, otherworldly, glowing, explore regen
a: no special abilities


You were on level 3 of the Dungeon.
You visited 1 branch of the dungeon, and saw 3 of its levels.

You collected 58 gold pieces.

Inventory:

Armour
 a - a +0 robe (worn)
Scrolls
 c - a scroll of teleportation {unknown}
Potions
 b - a potion of magic
 d - a potion of resistance {unknown}
 e - 2 potions of might {unknown}


   Skills:
 - Level 2.4 Dodging
 - Level 1.4 Stealth
 - Level 2.6 Spellcasting
 - Level 1.2 Transmutations
 + Level 4.4 Earth Magic


You had 5 spell levels left.
You knew the following spells:

 Your Spells              Type           Power      Damage    Failure   Level
z - Sandblast             Erth           32%        2d9       3%          1

Your spell library contained the following spells:

 Spells                   Type           Power      Damage    Failure   Level
 Passwall                 Tmut/Erth      9%         N/A       10%         2
 Stone Arrow              Conj/Erth      18%        3d8       24%         3
 Petrify                  Tmut/Erth      11%        N/A       52%         4


Dungeon Overview and Level Annotations

Branches:
Dungeon (3/15) Zot: 1581

Altars:


Innate Abilities, Weirdness & Mutations

You passively map a small area around you.
You are easily found by Zot.
You glow in the dark.
You regain HP and MP as you explore.


Message History

Okay, then.
You now have 10 gold pieces.
You open the gate.
There is an open gate here.
You now have 24 gold pieces (gained 14).
A frilled lizard comes into view.
The frilled lizard hisses angrily.
A frilled lizard comes into view.
The frilled lizard hisses angrily.
You see here a +0 chain mail.
Aim: a frilled lizard (70% to hit)
The blast of sand hits the frilled lizard!
You kill the frilled lizard!
Aim: a frilled lizard (70% to hit)
The blast of sand hits the frilled lizard.
You kill the frilled lizard!
c - a scroll labelled ZUC YTREYPN A frilled lizard comes into view.
The frilled lizard hisses angrily.
Aim: a frilled lizard (70% to hit)
The blast of sand misses the frilled lizard.
Aim: a frilled lizard (70% to hit)
The blast of sand hits the frilled lizard.
You kill the frilled lizard!
d - a metallic pink potion You now have 40 gold pieces (gained 16).
As you open the door, it creaks loudly!
There is an open door here.
You now have 58 gold pieces (gained 18).
Found a stone staircase leading down.
There is a stone staircase leading down here.
You climb downwards.
The jackal barks! x2
There is a stone staircase leading up here.
Aim: a jackal (77% to hit)
The blast of sand hits the jackal!
You kill the jackal!
Aim: a jackal (77% to hit)
The blast of sand hits the jackal.
The jackal closely misses you.
Aim: a jackal (almost dead, 77% to hit)
The blast of sand hits the jackal.
You kill the jackal!
The giant cockroach bites you. x2
Your Earth Magic skill increases to level 4!
You have reached level 2!
Aim: a giant cockroach (82% to hit)
The blast of sand hits the giant cockroach!
You kill the giant cockroach!
A hobgoblin comes into view.
The hobgoblin shouts!
Found a stone staircase leading down.
Aim: a hobgoblin (82% to hit)
The blast of sand hits the hobgoblin!
You kill the hobgoblin!
You see here a hobgoblin corpse.
An endoplasm comes into view.
Aim: an endoplasm (98% to hit)
The blast of sand hits the endoplasm!
You kill the endoplasm!
There is a stone staircase leading down here.
You climb downwards.
There is a stone staircase leading up here.
Found a faded altar of an unknown god.
e - 2 dark potions A sleepcap comes into view.
Aim: a sleepcap (100% to hit)
The blast of sand hits the sleepcap!
Aim: a sleepcap (moderately damaged, 100% to hit)
The blast of sand hits the sleepcap.
Aim: a sleepcap (heavily damaged, 100% to hit)
The blast of sand hits the sleepcap but does no damage.
The sleepcap closely misses you.
Aim: a sleepcap (heavily damaged, 100% to hit)
The blast of sand hits the sleepcap.
The sleepcap closely misses you.
The sleepcap releases spores at you but does no damage.
Aim: a sleepcap (heavily damaged, 100% to hit)
The blast of sand hits the sleepcap.
The sleepcap completely misses you.
Aim: a sleepcap (heavily damaged, 100% to hit)
The blast of sand hits the sleepcap.
The sleepcap releases spores at you. The sleepcap misses you.
Aim: a sleepcap (severely damaged, 100% to hit)
The blast of sand hits the sleepcap but does no damage.
The sleepcap releases spores at you!
You are engulfed in a cloud of soporific spores!
You fall asleep.
The sleepcap releases spores at you.
You wake up.
* * * LOW HITPOINT WARNING * * *
You are engulfed in a cloud of soporific spores!
You are unaffected.
You don't have enough magic to cast this spell.
Unknown command.
You aren't carrying any items that you can evoke.
Unknown command.
The sleepcap attacks as you move away! The sleepcap barely misses you.
The sleepcap attacks as you move away! The sleepcap closely misses you.
The sleepcap attacks as you move away! The sleepcap releases spores at you.
* * * LOW HITPOINT WARNING * * *
Aim: a sleepcap (heavily damaged, 100% to hit)
The blast of sand hits the sleepcap.
The sleepcap releases spores at you.
You die...

*###....# , ......# * ,.* *, *
*#....###...* * #<.........,
#.#..###.. * #.#..#### *
#.#...^_# ,
###################.#..####.
,..............f@.............
,
######################.######
#.# ###


You could see a sleepcap.

Vanquished Creatures
  An endoplasm (D:2)
  A giant cockroach (D:2)
  A hobgoblin (D:2)
  2 jackals (D:2)
  3 frilled lizards (D:1)
8 creatures vanquished.

Notes
Turn   | Place    | Note
-------+----------+-------------------------------------------
     0 | D:1      | domi the Meteoran Earth Elementalist began the quest for
                  | the Orb.
     0 | D:1      | Reached XP level 1. HP: 14/14 MP: 5/5
   155 | D:2      | Reached skill level 4 in Earth Magic
   155 | D:2      | Reached XP level 2. HP: 16/20 MP: 2/6
   175 | D:3      | Found a faded altar of an unknown god.
   200 | D:3      | HP: 1/20 [sleepcap (6)]
   208 | D:3      | HP: 2/20 [sleepcap (1)]
   209 | D:3      | Slain by a sleepcap

Illustrated notes

Levels and vault maps discovered:
D:1:      lemuel_arrival_funnel, layout_basic, corexii_item_surrounded_by_moat
D:2:      layout_basic, basic_altar, grunt_ministairs_1
D:3:      layout_basic, hellmonk_ecumenical_altar_leap_of_faith,
          chequers_avenue, uniq_terence, uniq_crazy_yiuf_cottage

Skill      XL: |  1 |
---------------+----+-----
Earth Magic    | 4 |  4.4
Dodging        | |  2.4
Stealth        | |  1.4
Spellcasting   | |  2.6
Transmutations | |  1.2

Action                     || total
---------------------------++-------
   Cast: Sandblast         ||    18
 Armour: Robe              ||     1
  Dodge: Dodged            ||     7

Table legend: (Time is in decaauts)
 A = Elapsed time spent in this place.
 B = Non-inter-level travel time spent in this place.
 C = Inter-level travel time spent in this place.
 D = Time resting spent in this place.
 E = Time spent auto-exploring this place.
 F = Levels seen in this place.
 G = Mean time per level.
                   A        B        C        D        E       F      G
               +--------+--------+--------+--------+--------+-----+--------+
         Total |    217 |    217 |      0 |      0 |      0 |   3 |   72.3 |
       Dungeon |    217 |    217 |      0 |      0 |      0 |   3 |   72.3 |
               +--------+--------+--------+--------+--------+-----+--------+

Top non-repeatable levels by time:
     D:1: 152 daAuts
     D:3: 40 daAuts
     D:2: 24 daAuts

Table legend:
 A = Kills in this place as a percentage of kills in the entire game.
 B = Kills by you in this place as a percentage of kills by you in the entire game.
 C = Kills by friends in this place as a percentage of kills by friends in the entire game.
 D = Other kills in this place as a percentage of other kills in the entire game.
 E = Experience gained in this place as a percentage of experience gained in the entire game.
 F = Experience gained in this place divided by the number of levels of this place that you have seen.
                   A       B       C       D       E      F
               +-------+-------+-------+-------+-------+----------------------
         Total | 100.0 | 100.0 |   N/A |   N/A | 100.0 |   4.3
       Dungeon | 100.0 | 100.0 |   N/A |   N/A | 100.0 |   4.3
               +-------+-------+-------+-------+-------+----------------------
